 Dungeon Crawl Stone Soup version 0.29.1-12-g30fa7ad0bf (webtiles) character file.

Game seed: 8822437598732580851

4299 javelincjr the Thaumaturge (level 10, 0/52 HPs)
             Began as a Deep Elf Conjurer on Jan 5, 2023.
             Was a Follower of Sif Muna.
             Slain by a white ugly thing (29 damage)
             ... on level 8 of the Dungeon on Jan 6, 2023.
             The game lasted 00:50:37 (9089 turns).

javelincjr the Thaumaturge (Deep Elf Conjurer)      Turns: 9089, Time: 00:50:38

Health: 0/52       AC:  9    Str:  8    XL:     10   Next: 11%
Magic:  20/44      EV: 15    Int: 24    God:    Sif Muna [*.....]
Gold:   486        SH:  0    Dex: 17    Spells: 17/30 levels left

rFire   . . .      SeeInvis .   m - +3 whip of the Dwarven Hall {venom, Fly MP+9 Dex+4}
rCold   . . .      Faith    .   (no shield)
rNeg    . . .      Spirit   .   y - +2 robe {Will+}
rPois   .          Reflect  .   q - +0 helmet
rElec   .          Harm     .   e - +0 cloak
rCorr   .          Rampage  .   (no gloves)
Will    ++...                   t - +2 pair of boots
Stlth   ++++......              (no amulet)
HPRegen 0.17/turn               I - ring of magical power
MPRegen 0.29/turn               (no ring)

@: flying, very slightly contaminated
A: no striking features
a: Renounce Religion, Channel Magic


You were on level 8 of the Dungeon.
You worshipped Sif Muna.
Sif Muna was aware of your devotion.
You visited 2 branches of the dungeon, and saw 9 of its levels.

You collected 507 gold pieces.
You spent 21 gold pieces at shops.

Inventory:

Hand Weapons
 c - a +0 dagger
 k - a +4 whip
 m - the +3 whip of the Dwarven Hall (weapon) {venom, Fly MP+9 Dex+4}
   (You found it on level 2 of the Dungeon)

   It poisons the flesh of those it strikes.
   Dex:       It affects your dexterity (+4).
   MP:        It affects your magic capacity (+9).
   Fly:       It grants you flight.
 s - a +3 flail of protection
Missiles
 f - 4 datura-tipped darts
 i - 5 javelins (quivered)
 n - 4 silver javelins
 r - 16 poisoned darts
Armour
 a - a +0 robe
 e - a +0 cloak (worn)
 h - +0 swamp dragon scales
 q - a +0 helmet (worn)
 t - a +2 pair of boots (worn)
 u - the +1 ring mail "Misauwele" {Harm rPois rCorr}
   (You found it on level 7 of the Dungeon)

   rPois:     It protects you from poison.
   rCorr:     It protects you from acid and corrosion.
   Harm:      It increases damage dealt and taken.
 y - a +2 robe of willpower (worn)
 D - an orb of wrath
Magical Staves
 w - a staff of poison
Jewellery
 F - a ring of flight
 I - a ring of magical power (left hand)
Wands
 o - a wand of quicksilver (7)
 p - a wand of polymorph (7)
 C - a wand of iceblast (11)
 G - a wand of paralysis (3)
Scrolls
 j - 3 scrolls of teleportation
 v - 3 scrolls of identify
 A - 4 scrolls of fear
 E - a scroll of blinking
 H - a scroll of enchant weapon
 J - a scroll of butterflies
 K - a scroll of amnesia {unknown}
Potions
 b - 2 potions of magic
 d - 3 potions of flight
 g - a potion of ambrosia
 l - 5 potions of curing
 x - 3 potions of attraction
 z - a potion of lignification
 B - a potion of brilliance


   Skills:
 + Level 1.5 Fighting
 + Level 3.4 Maces & Flails
 + Level 0.8 Throwing
 + Level 1.0 Armour
 + Level 6.0 Dodging
 + Level 7.2 Stealth
 + Level 10.8 Spellcasting
 + Level 10.2 Conjurations
 + Level 0.1 Hexes
 + Level 0.5 Translocations


You had 17 spell levels left.
You knew the following spells:

 Your Spells              Type           Power      Damage    Failure   Level
a - Magic Dart            Conj           100%       1d8       1%          1
b - Searing Ray           Conj           100%       2d8       1%          2
c - Blink                 Tloc           30%        N/A       6%          2
d - Iskenderun's Mystic   Conj/Tloc      38%        2d9       5%          4
e - Fulminant Prism       Conj/Hex       19%        3d11      5%          4

Your spell library contained the following spells:

 Spells                   Type           Power      Damage    Failure   Level
 Dazzling Flash           Conj/Hex       76%        N/A       1%          3
 Beastly Appendage        Tmut           26%        N/A       4%          1
 Sublimation of Blood     Necr           13%        N/A       8%          2
 Wereblood                Tmut           13%        N/A       8%          2
 Lesser Beckoning         Tloc           15%        N/A       12%         3
 Spider Form              Tmut/Pois      13%        N/A       14%         3
 Passage of Golubria      Tloc           15%        N/A       36%         4
 Manifold Assault         Tloc           15%        N/A       73%         5
 Silence                  Hex/Air        6%         N/A       78%         5
 Summon Hydra             Summ           6%         N/A       100%        7
 Lehudib's Crystal Spear  Conj/Erth      18%        10d6      100%        8


Dungeon Overview and Level Annotations

Branches:
Dungeon (8/15)             Temple (1/1) D:6
   Lair: D:8-11

Altars:
Ashenzari
Cheibriados
Dithmenos
Elyvilon
Fedhas
Gozag
Hepliaklqana
Kikubaaqudgha
Makhleb
Nemelex Xobeh
Okawaru
Qazlal
Ru
Sif Muna
Trog
Uskayaw
Vehumet
Wu Jian
Xom
Yredelemnul
Zin
The Shining One

Shops:
D:7 *


Message History

Aim: a steam dragon (steam, almost dead, catching its breath)
Okay, then.
Casting: Fulminant Prism (dangerous; 5% risk of failure)
Confirm with . or Enter, or press ? or * to list all spells.
You erupt in a blast of force!
The mystic blast hits the steam dragon.
The steam dragon is almost dead.
The steam dragon is knocked back by the mystic blast.
The steam dragon slams into the rock wall!
The steam dragon is almost dead.
Casting: Iskenderun's Mystic Blast (dangerous; 5% risk of failure)
Confirm with . or Enter, or press ? or * to list all spells.
You erupt in a blast of force!
The mystic blast hits the white ugly thing!
The white ugly thing is heavily wounded.
The white ugly thing is knocked back by the mystic blast.
The white ugly thing slams into the rock wall!
The white ugly thing is heavily wounded.
The mystic blast hits the steam dragon.
The steam dragon is almost dead.
The steam dragon is knocked back by the mystic blast.
The steam dragon slams into the rock wall!
You kill the steam dragon!
Sif Muna accepts your kill.
You hear two shouts!
The white ugly thing is engulfed in a cloud of scalding steam.
Your Dodging skill increases to level 6!
Casting: Iskenderun's Mystic Blast (dangerous; 5% risk of failure)
Confirm with . or Enter, or press ? or * to list all spells.
You erupt in a blast of force!
The mystic blast hits the white ugly thing!
The white ugly thing is almost dead.
The white ugly thing is knocked back by the mystic blast.
The white ugly thing slams into the rock wall!
The white ugly thing is almost dead.
Casting: Iskenderun's Mystic Blast (dangerous; 5% risk of failure)
Confirm with . or Enter, or press ? or * to list all spells.
You miscast Iskenderun's Mystic Blast.
Nothing appears to happen.
The white ugly thing tail-slaps you! The white ugly thing freezes you!!
Ouch! That really hurt!
You die...

#.......
##...... ###
#####....##
##.###......###
##........####
#.......###
#.....###
###...###
#.@.### #u###
#.'†...#
#.###...# #.u
.. #.# #.# #.#
# #.# ###


You could see a white ugly thing.

Vanquished Creatures
  Maggie (D:6)
  A troll (D:8)
  Sigmund (D:2)
  A wraith (D:8)
  A steam dragon (D:8)
  A basilisk (D:8)
  2 water moccasins
  An orc warrior (D:7)
  2 ice beasts
  A sky beast (D:6)
  2 black bears (D:4)
  2 ogres
  A phantom (D:4)
  A kobold brigand (D:4)
  7 bullfrogs
  A gnoll sergeant (D:7)
  4 scorpions
  2 necrophages
  5 wights (D:8)
  A howler monkey (D:8)
  2 hounds
  4 orc priests
  4 jellies
  A gnoll bouda (D:6)
  6 iguanas
  Terence (D:2)
  Natasha (thrice) (D:2)
  6 orc wizards
  Robin (D:2)
  3 gnolls (D:6)
  10 adders
  A shadow imp (D:7)
  A white imp (D:4)
  An ufetubus (D:4)
  2 worms (D:4)
  A dart slug (D:1)
  24 orcs
  6 bats
  5 endoplasms
  2 giant cockroaches
  14 goblins
  6 hobgoblins
  A jackal (D:4)
  7 quokkas
  5 ball pythons
  A frilled lizard (D:3)
  6 kobolds
  8 rats
170 creatures vanquished.

Vanquished Creatures (others)
  12 fulminant prisms (D:8)
12 creatures vanquished.

Grand Total: 182 creatures vanquished

Notes
Turn   | Place    | Note
-------+----------+-------------------------------------------
     0 | D:1      | javelincjr the Deep Elf Conjurer began the quest for the
                  | Orb.
     0 | D:1      | Reached XP level 1. HP: 10/10 MP: 6/6
   289 | D:1      | Reached XP level 2. HP: 15/15 MP: 2/8
   458 | D:1      | Learned a level 2 spell: Searing Ray
   552 | D:1      | Found a faded altar of an unknown god.
   626 | D:1      | Reached skill level 5 in Conjurations
  1045 | D:2      | Reached XP level 3. HP: 19/19 MP: 3/9
  1166 | D:2      | Noticed Sigmund
  1260 | D:2      | Noticed Natasha
  1263 | D:2      | Killed Natasha
  1327 | D:2      | Identified the +3 whip of the Dwarven Hall {venom, Fly MP+9
                  | Dex+4}
  1409 | D:2      | Reached XP level 4. HP: 24/24 MP: 11/11
  1545 | D:2      | Noticed Natasha
  1562 | D:2      | Killed Sigmund
  1563 | D:2      | Reached XP level 5. HP: 16/28 MP: 14/14
  1590 | D:2      | Killed Natasha
  1591 | D:2      | Reached skill level 5 in Spellcasting
  1591 | D:2      | Reached XP level 6. HP: 22/32 MP: 13/15
  1599 | D:2      | Noticed Natasha
  1602 | D:2      | Killed Natasha
  1808 | D:2      | Noticed Robin
  1817 | D:2      | Killed Robin
  2273 | D:2      | Noticed Terence
  2280 | D:2      | Killed Terence
  3735 | D:4      | Reached XP level 7. HP: 32/36 MP: 18/18
  3797 | D:4      | Reached skill level 1 in Maces & Flails
  3823 | D:4      | Learned a level 2 spell: Blink
  3841 | D:4      | Found a sacrificial altar of Ru.
  4247 | D:4      | Reached skill level 5 in Stealth
  4622 | D:5      | Entered Level 5 of the Dungeon
  4635 | D:5      | Reached skill level 1 in Fighting
  4635 | D:5      | Reached XP level 8. HP: 21/43 MP: 18/20
  6042 | D:6      | Noticed Maggie
  6092 | D:6      | Killed Maggie
  6093 | D:6      | Reached XP level 9. HP: 18/47 MP: 23/23
  6350 | D:6      | Learned a level 4 spell: Iskenderun's Mystic Blast
  6425 | D:6      | Found a staircase to the Ecumenical Temple.
  6436 | Temple   | Entered the Ecumenical Temple
  6513 | Temple   | Became a worshipper of Sif Muna the Loreminder
  6991 | D:6      | Found a shadowy altar of Dithmenos.
  7142 | D:7      | Identified the +1 ring mail "Misauwele" {Harm rPois rCorr}
  7582 | D:7      | Found Nelil's Assorted Antiques.
  7635 | D:7      | Bought a scroll labelled NATIAMYOPER for 21 gold pieces
  7759 | D:7      | Found a burning altar of Makhleb.
  7759 | D:7      | Found a basalt altar of Yredelemnul.
  7867 | D:8      | Found a hazy altar of Hepliaklqana.
  7889 | D:8      | Reached skill level 10 in Spellcasting
  7894 | D:8      | Reached * piety under Sif Muna
  8030 | D:8      | Reached skill level 5 in Dodging
  8190 | D:8      | Reached skill level 1 in Armour
  8375 | D:8      | Reached skill level 10 in Conjurations
  8435 | D:8      | Learned a level 4 spell: Fulminant Prism
  8745 | D:8      | Noticed a troll
  8758 | D:8      | Killed a troll
  8759 | D:8      | Reached XP level 10. HP: 52/52 MP: 10/26
  8912 | D:8      | Found a snail-covered altar of Cheibriados.
  9020 | D:8      | Noticed a boulder beetle
  9084 | D:8      | Noticed a white ugly thing
  9089 | D:8      | Slain by a white ugly thing

Illustrated notes

Levels and vault maps discovered:
D:1:      lightli_arrival_maybe_door_vault, layout_loops_cross,
          ebering_ecumenical_altar_hall
D:2:      layout_rooms, uniq_natasha, uniq_sigmund, uniq_robin, uniq_terence
D:3:      layout_loops_ring
D:4:      minmay_skewed_foursquare, layout_rooms,
          nicolae_ru_great_annihilating_truth, serial_co_window_serial,
          co_window_paths_a, co_window_corner_a, co_window_paths_b,
          co_window_of_opportunity_a, co_window_paths_a, co_window_corner_ca,
          co_window_cross_4, co_window_corner_b, co_window_of_opportunity_c,
          co_window_cross_2, co_window_2corner, glass_columns_b,
          glass_columns_b, glass_columns_b, glass_columns_c,
          amcnicky_mini_rare_corridor_liquid
D:5:      layout_rooms
D:6:      layout_loops_ring, mainiacjoe_overflow_24_doors,
          minmay_temple_entry_glassed_door, serial_glass, glass_columns_a,
          glass_columns_a, uniq_maggie
D:7:      layout_cave_pools, jmf_multi_god_temple, serial_shops,
          nicolae_shop_trees
D:8:      minmay_the_grid_triangle_9x9_rhombus_thin
          [minmay_the_grid_triangle_9x9_steps,
          minmay_the_grid_triangle_9x9_prize_special,
          minmay_the_grid_triangle_9x9_stretched_checkered,
          minmay_the_grid_triangle_9x9_limited_checkers], layout_cave_pools,
          mainiacjoe_overflow_catwalk, kennysheep_little_box, st_stairs_11
Temple:   nicolae_temple_bog_church

Skill      XL: |  1  2  3  4  5  6  7  8  9 10 |
---------------+-------------------------------+-----
Conjurations   | 5 6 7 8 10 | 10.2
Dodging        | 3 4 5 6 |  6.0
Stealth        | 3 4 5 6 7 |  7.2
Spellcasting   | 4 5 6 8 10 | 10.8
Maces & Flails | 2 3 |  3.4
Fighting       | 1 |  1.5
Armour         | 1 |  1.0
Throwing       | |  0.8
Hexes          | |  0.1
Translocations | |  0.5

Action                   |  1- 3 |  4- 6 |  7- 9 | 10-12 || total
-------------------------+-------+-------+-------+-------++-------
Melee: Whip              |       |    54 |    48 |       ||   102
Throw: Javelin           |     3 |     2 |     1 |       ||     6
 Cast: Magic Dart        |    50 |    48 |   107 |     6 ||   211
       Searing Ray       |     2 |    12 |    54 |       ||    68
       Iskenderun's Myst |       |       |    11 |     4 ||    15
       Fulminant Prism   |       |       |     9 |     3 ||    12
  Use: Scroll            |       |     5 |    13 |       ||    18
       Potion            |       |       |     1 |       ||     1
 Stab: Sleeping          |       |     5 |     1 |       ||     6
       Paralysed         |       |       |     1 |       ||     1
Armor: Robe              |       |    21 |    24 |       ||    45
       Ring mail         |       |       |     1 |       ||     1
Dodge: Dodged            |     5 |    32 |    79 |       ||   116
